Map: Romanticide LE

Players

Maplez

  • Race: Protoss Protoss

Nina - Winner!

  • Race: Protoss Protoss

VOD

Have the link to the VOD?

Description

Time

  • Played on: Oct. 8, 2021, 3:13 p.m.
  • Length: 9:45
Show
View Real Time Build Order
Export as new Build Order

Maplez Protoss 

Build Orders: Oracle Opening 

Get SALT Encoding   

  12  0:00  Probe  
  13  0:12  Probe  
  14  0:18  Pylon  
  14  0:24  Probe (Chrono Boost)  
  15  0:37  Probe (Chrono Boost)  
  15  0:38  Gateway  
  16  0:44  Probe (Chrono Boost)  
  16  0:47  Assimilator  
  17  0:51  Probe  
  17  0:55  Assimilator  
  18  1:03  Probe  
  19  1:10  Gateway  
  19  1:15  Probe  
  20  1:26  Cybernetics Core  
  20  1:27  Probe  
  21  1:36  Pylon  
  21  1:39  Probe  
  22  1:51  Probe  
  23  2:01  Warp Gate (Chrono Boost)  
  23  2:03  Stalker  
  23  2:04  Probe, Sentry  
  28  2:17  Pylon  
  28  2:26  Pylon  
  28  2:37  Stalker x2  
  32  2:45  Oracle  
  31  2:53  Nexus  
  31  3:00  Shield Battery  
  31  3:03  Probe  
  32  3:11  Sentry x2  
  36  3:18  Pylon  
  36  3:19  Probe  
  37  3:36  Twilight Council  
  37  3:39  Probe (Chrono Boost), Shield Battery  
  38  3:51  Probe (Chrono Boost)  
  38  3:54  Stalker  
  41  3:58  Probe (Chrono Boost)  
  41  4:02  Forge  
  42  4:07  Probe (Chrono Boost)  
  44  4:12  Probe (Chrono Boost)  
  44  4:16  Probe (Chrono Boost)  
  45  4:22  Adept x2  
  50  4:27  Blink (Chrono Boost)  
  50  4:28  Pylon  
  49  4:34  Probe  
  49  4:36  Probe  
  51  4:42  Protoss Ground Weapons Level 1  
  51  4:46  Probe  
  51  4:48  Probe  
  53  4:57  Stalker x2  
  53  4:58  Probe  
  58  5:02  Probe  
  59  5:10  Probe  
  59  5:11  Pylon  
  59  5:13  Gateway  
  60  5:14  Probe  
  60  5:19  Pylon  
  61  5:22  Probe  
  62  5:29  Probe  
  62  5:30  Robotics Facility  
  64  5:36  Pylon  
  63  5:44  Nexus  
  63  5:52  Probe  
  63  5:53  Probe  
  65  6:02  Stalker x2  
  65  6:03  Shield Battery  
  67  6:04  Probe  
  67  6:06  Probe  
  67  6:07  Assimilator  
  67  6:13  Stalker  
  65  6:20  Probe  
  65  6:21  Probe  
  67  6:32  Probe  
  69  6:33  Observer (Chrono Boost), Probe  
  69  6:34  Charge (Chrono Boost)  
  69  6:35  Gateway  
  69  6:37  Gateway  
  70  6:44  Probe  
  70  6:45  Probe  
  70  6:46  Stalker x2  
  76  6:49  Stalker  
  78  6:55  Observer, Probe  
  78  6:56  Probe  
  78  6:57  Probe  
  78  7:00  Photon Cannon  
  82  7:06  Protoss Ground Weapons Level 2 (Chrono Boost)  
  84  7:08  Probe, Pylon  
  84  7:11  Stalker  
  84  7:13  Probe  
  84  7:14  Probe  
  87  7:20  Probe  
  87  7:21  Stalker  
  90  7:25  Probe (Chrono Boost)  
  90  7:26  Probe (Chrono Boost)  
  92  7:33  Probe (Chrono Boost)  
  92  7:35  Pylon  
  93  7:37  Pylon  
  93  7:38  Probe (Chrono Boost)  
  93  7:43  Probe (Chrono Boost)  
  96  7:44  Probe (Chrono Boost)  
  96  7:46  Observer, Probe (Chrono Boost)  
  96  7:49  Nexus, Probe (Chrono Boost)  
  98  7:53  Assimilator  
  98  7:54  Probe  
  99  7:59  Stalker  
  99  8:00  Stalker x2  
  99  8:04  Gateway  
  105  8:10  Stalker x2  
  109  8:16  Assimilator x2  
  109  8:18  Probe x2  
  109  8:19  Probe  
  112  8:21  Robotics Facility  
  112  8:25  Robotics Bay  
  112  8:32  Stalker x2  
  116  8:38  Observer  
  116  8:41  Stalker x3  
  120  8:44  Photon Cannon  
  120  8:45  Observer  
  121  8:55  Gateway  
  121  9:01  Stalker x2, Gateway  
  125  9:12  Stalker x4  
  127  9:20  Shield Battery  
  120  9:31  Zealot x2  
  91  9:38  Stalker  
  91  9:39  Stalker  
Show
View Real Time Build Order
Export as new Build Order

Nina Protoss - Winner!

Build Orders: Phoenix Opening 

Get SALT Encoding   

  12  0:00  Probe  
  13  0:12  Probe  
  14  0:17  Pylon  
  14  0:25  Probe  
  15  0:37  Probe (Chrono Boost)  
  15  0:39  Gateway  
  16  0:48  Probe (Chrono Boost)  
  17  0:52  Probe (Chrono Boost)  
  17  0:56  Assimilator  
  18  1:01  Assimilator  
  18  1:03  Probe (Chrono Boost)  
  19  1:10  Gateway  
  19  1:14  Probe (Chrono Boost)  
  20  1:19  Probe (Chrono Boost)  
  21  1:26  Cybernetics Core  
  21  1:31  Probe  
  22  1:37  Pylon  
  22  1:43  Probe  
  23  1:56  Probe  
  24  2:04  Stalker x2  
  28  2:09  Probe  
  28  2:12  Warp Gate, Pylon  
  29  2:24  Probe  
  30  2:36  Probe  
  30  2:45  Sentry x2  
  30  2:48  Probe  
  35  2:54  Nexus  
  35  2:57  Pylon  
  35  3:00  Probe  
  36  3:09  Robotics Facility  
  36  3:13  Probe  
  37  3:21  Stalker  
  37  3:25  Probe  
  40  3:29  Sentry  
  40  3:32  Shield Battery  
  42  3:36  Pylon  
  42  3:38  Probe (Chrono Boost)  
  44  3:48  Probe (Chrono Boost)  
  44  3:53  Probe (Chrono Boost)  
  44  3:55  Phoenix  
  45  4:02  Observer (Chrono Boost)  
  46  4:07  Twilight Council, Probe (Chrono Boost)  
  46  4:09  Probe (Chrono Boost)  
  48  4:16  Probe (Chrono Boost)  
  49  4:19  Probe (Chrono Boost)  
  49  4:21  Immortal (Chrono Boost)  
  49  4:23  Probe  
  54  4:29  Probe  
  54  4:31  Assimilator  
  56  4:35  Probe, Forge  
  57  4:41  Probe  
  58  4:47  Probe  
  58  4:48  Blink  
  59  4:53  Warp Prism, Probe  
  61  5:02  Adept x2  
  61  5:03  Probe  
  67  5:07  Probe  
  67  5:11  Photon Cannon, Protoss Ground Weapons Level 1 (Chrono Boost)  
  67  5:16  Probe  
  67  5:20  Pylon  
  68  5:23  Pylon  
  69  5:28  Probe  
  69  5:39  Nexus  
  69  5:42  Probe, Pylon  
  70  5:47  Gateway  
  70  5:50  Stalker  
  70  5:59  Probe x2  
  72  6:09  Gateway  
  72  6:10  Immortal, Phoenix  
  72  6:11  Gateway, Probe x2  
  74  6:23  Probe  
  79  6:26  Probe  
  79  6:29  Pylon  
  79  6:30  Assimilator  
  80  6:33  Gateway  
  80  6:35  Probe  
  80  6:38  Probe  
  82  6:41  Robotics Bay  
  82  6:47  Probe  
  82  6:48  Shield Battery  
  82  6:50  Probe  
  82  6:51  Photon Cannon  
  82  6:53  Observer  
  85  7:00  Probe (Chrono Boost), Protoss Ground Weapons Level 2 (Chrono Boost)  
  86  7:03  Probe (Chrono Boost)  
  87  7:10  Probe (Chrono Boost)  
  87  7:14  Zealot x3  
  96  7:17  Robotics Facility  
  96  7:18  Probe (Chrono Boost)  
  96  7:20  Probe x2 (Chrono Boost)  
  97  7:25  Probe (Chrono Boost)  
  97  7:26  Probe  
  97  7:27  Disruptor (Chrono Boost)  
  97  7:29  Assimilator  
  99  7:30  Pylon  
  102  7:37  Stalker x3  
  108  7:44  Stalker x2  
  108  7:48  Assimilator, Probe  
  108  7:49  Probe  
  114  7:53  Probe  
  114  7:54  Disruptor (Chrono Boost)  
  118  8:03  Pylon x2  
  118  8:05  Pylon  
  121  8:08  Disruptor (Chrono Boost)  
  121  8:12  Photon Cannon  
  120  8:16  Nexus  
  120  8:18  Disruptor  
  120  8:19  Pylon  
  120  8:25  Probe  
  124  8:31  Probe  
  124  8:33  Pylon  
  125  8:34  Observer  
  125  8:35  Photon Cannon  
  125  8:39  Photon Cannon  
  125  8:46  Observer  
  125  8:48  Disruptor  
  128  8:53  Gateway  
  128  8:55  Photon Cannon, Gateway  
  128  9:05  Disruptor  
  131  9:15  Zealot x5  
  141  9:21  Zealot  
  146  9:30  Probe x2  
  147  9:31  Probe x2  
  147  9:34  Assimilator  
  147  9:36  Assimilator  
  147  9:37  Zealot x2  
  147  9:38  Zealot x2  
Tags
 
Add a new tag
Caveats
  • Supply blocks, unpowered buildings, or Contaminate may cause inaccurate times.
  • Supply counts are checked every 10 seconds.